 Dungeon Crawl Stone Soup version 0.22-a0-136-g83a10e5 (webtiles) character file.

62 Dirtyleaf the Conjurer (level 4, -3/30 HPs)
             Began as a Human Conjurer on Feb 2, 2018.
             Slain by an orc
             ... wielding a +0 flail
              (7 damage)
             ... on level 3 of the Dungeon.
             The game lasted 00:11:46 (4047 turns).

Dirtyleaf the Conjurer (Human Conjurer)             Turns: 4047, Time: 00:11:46

Health: -3/30      AC:  4    Str:  8 (9)  XL:     4   Next: 28%
Magic:  0/7        EV: 12    Int: 14 (16) God:
Gold:   80         SH:  0    Dex: 10 (13) Spells: 1/7 levels left

rFire    . . .     SeeInvis .   f - +0 dagger (flame)
rCold    . . .     Gourm    .   (no shield)
rNeg     . . .     Faith    .   a - +1 robe
rPois    .         Spirit   .   (no helmet)
rElec    .         Reflect  .   (no cloak)
rCorr    .         Harm     .   g - +0 pair of gloves
MR       .....                  (no boots)
Stlth    ++........             (no amulet)
HPRegen  0.10/turn              (no ring)
MPRegen  0.10/turn              (no ring)

@: very slightly contaminated
A: no striking features
a: no special abilities


You were on level 3 of the Dungeon.
You were not hungry.

You visited 1 branch of the dungeon, and saw 3 of its levels.

You collected 80 gold pieces.

Inventory:

Hand Weapons
 d - a +0 hunting sling
 e - a +0 short sword
 f - a +0 dagger of flaming (weapon)
 h - a +0 spear
Armour
 a - a +1 robe (worn)
 g - a +0 pair of gloves (worn)
Scrolls
 i - 2 scrolls of identify
Potions
 l - a potion of cancellation
Books
 b - a book of Conjurations

   Spells                             Type                      Level
   a - Magic Dart                     Conjuration                  1
   b - Searing Ray                    Conjuration                  2
   c - Dazzling Spray                 Conjuration/Hexes            3
   d - Fulminant Prism                Conjuration/Hexes            4
   e - Force Lance                    Conjuration/Translocation    4
   f - Iskenderun's Mystic Blast      Conjuration                  4
Comestibles
 c - 3 rations


   Skills:
 + Level 2.6 Dodging
 + Level 2.0 Stealth
 + Level 2.4 Spellcasting
 + Level 4.9 Conjurations


You had one spell level left.
You knew the following spells:

 Your Spells              Type           Power        Failure   Level  Hunger
a - Magic Dart            Conj           ###.         3%          1    #......
b - Searing Ray           Conj           ###...       4%          2    ###....
c - Dazzling Spray        Conj/Hex       #.....       24%         3    ###....


Dungeon Overview and Level Annotations

Branches:
Dungeon (3/15)

Altars:


Message History

Casting: Dazzling Spray (safe; 24% risk of failure)
Confirm with . or Enter, or press ? or * to list all spells.
Aiming: Magic Dart (safe; 3% risk of failure)
Press: ? - help, Shift-Dir - straight line, f/p - orc priest
Aim: an orc priest, wielding a flail and wearing a chain mail (lightly wounded)
The magic dart hits the orc.
The orc is heavily wounded.
Casting: Magic Dart (safe; 3% risk of failure)
Confirm with . or Enter, or press ? or * to list all spells.
Aiming: Magic Dart (safe; 3% risk of failure)
Press: ? - help, Shift-Dir - straight line, f/p - orc priest
Aim: an orc priest, wielding a flail and wearing a chain mail (lightly wounded)
The magic dart hits the orc.
The orc is severely wounded.
The orc hits you but does no damage.
The orc priest mumbles some strange prayers to Beogh against you.
Beogh smites you!
* * * LOW HITPOINT WARNING * * *
The orc hits you with a flail!
You die...

#.# *,* *,** **,*
##.##### *,* *,* *,,
.......# *,* *>** **,*
.#####.#
*,***###*******,,***,**
.* #.#
*,,,,...,,,,,,,,,,,,***
,* #.#
*****#.#,,,,,,,,,,,,,,,
,* #†#
#.#,**************
.#####.### #.#.#
.........#######@#<#
.............o.o.#.#
.##[####.#########.#
,*#.* #.# #.# **#,* #.#
#o# ***,* #.# #.# ,,,,*
#o#########.# *****
#....oo.....# **
############# *,


You could see an orc priest and an orc.

Vanquished Creatures
  2 adders
  2 worms
  A dart slug (D:1)
  An orc (D:3)
  4 giant cockroaches
  6 goblins
  5 hobgoblins
  2 bats
  5 kobolds
  8 rats
36 creatures vanquished.

Notes
Turn   | Place    | Note
-------+----------+-------------------------------------------
     0 | D:1      | Dirtyleaf the Human Conjurer began the quest for the Orb.
     0 | D:1      | Reached XP level 1. HP: 13/13 MP: 3/3
   419 | D:1      | Reached XP level 2. HP: 15/19 MP: 1/5
  1331 | D:1      | Learned a level 2 spell: Searing Ray
  1647 | D:1      | Reached XP level 3. HP: 24/24 MP: 2/6
  3836 | D:2      | Learned a level 3 spell: Dazzling Spray
  3858 | D:3      | Reached XP level 4. HP: 30/30 MP: 1/7
  4047 | D:3      | Slain by an orc

Vault maps used:
D:1:      evilmike_arrival_fibonacci_small
D:2:      minmay_tetromino_o4
D:3:      cheibrodos_sewer_entry_bend, chequers_ecumenical_altar_lobes,
          cheibrodos_ashenzari_chains, uniq_sigmund

Action                   |  1- 3 |  4- 6 || total
-------------------------+-------+-------++-------
Melee: Unarmed           |     7 |       ||     7
       Short sword       |    18 |       ||    18
       Dagger            |    13 |       ||    13
 Cast: Magic Dart        |    64 |     4 ||    68
       Searing Ray       |     7 |     2 ||     9
  Use: Scroll            |     7 |       ||     7
       Potion            |     4 |     1 ||     5
  Eat: Ration            |     3 |       ||     3
       Chunk             |     1 |       ||     1
Armor: Robe              |     6 |     2 ||     8
Dodge: Dodged            |    30 |     2 ||    32

Table legend:
 A = Spawn XP
 B = Non-spawn XP
 C = Spawn XP percentage of total XP
 D = Spawn monster count
 E = Non-spawn monster count
 F = Spawn count percentage of total count
 G = Total turns spent on level
                    A         B        C        D         E        F      G
               +---------+---------+-------+---------+---------+-------+---------
         Total |       0 |      89 |   0.0 |       0 |      36 |   0.0 |  4047
               +---------+---------+-------+---------+---------+-------+---------
           D:1 |       0 |      32 |   0.0 |       0 |      19 |   0.0 |  1964
           D:2 |       0 |      36 |   0.0 |       0 |      14 |   0.0 |  1873
           D:3 |       0 |      21 |   0.0 |       0 |       3 |   0.0 |   210
               +---------+---------+-------+---------+---------+-------+---------
